 Dungeon Crawl Stone Soup version 0.23.0 (webtiles) character file.

Game seed: 4270042531794023576

18 theswoord the Slasher (level 2, -1/42 HPs)
             Began as a Naga Berserker on Feb 13, 2019.
             Was a Follower of Trog.
             Slain by a hobgoblin
             ... wielding a +0 club
              (5 damage)
             ... on level 1 of the Dungeon.
             The game lasted 00:00:50 (672 turns).

theswoord the Slasher (Naga Berserker)               Turns: 672, Time: 00:00:50

Health: -1/42      AC:  1    Str: 24    XL:     2   Next: 66%
Magic:  2/2        EV: 10    Int:  7    God:    Trog [*.....]
Gold:   12         SH:  0    Dex: 10    Spells: 1/1 levels left

rFire    . . .     SeeInvis +   a - +0 falchion
rCold    . . .     Gourm    .   (no shield)
rNeg     . . .     Faith    .   b - +0 animal skin
rPois    +         Spirit   .   (no helmet)
rElec    .         Reflect  .   (no cloak)
rCorr    .         Harm     .   (no gloves)
MR       .....                  (no barding)
Stlth    ..........             (no amulet)
HPRegen  0.14/turn              (no ring)
MPRegen  0.08/turn              (no ring)

@: berserking, quick
A: large, see invisible, deformed body, poison resistance, slowness 2, slow
metabolism 1, spit poison 1, AC +0
a: Spit Poison, Berserk, Renounce Religion


You were on level 1 of the Dungeon.
You worshipped Trog.
Trog was aware of your devotion.
You were hungry.

You visited 1 branch of the dungeon, and saw 1 of its levels.

You collected 12 gold pieces.

Inventory:

Hand Weapons
 a - a +0 falchion (weapon)
Armour
 b - a +0 animal skin (worn)
Scrolls
 e - a scroll of identify {unknown}
 h - a scroll of blinking {unknown}
 i - a scroll of teleportation {unknown}
Potions
 f - a potion of heal wounds {unknown}
 g - a potion of curing {unknown}
 j - 2 potions of brilliance {unknown}
Comestibles
 c - a ration
 d - 3 chunks of flesh


   Skills:
 - Level 3.0 Fighting
 + Level 3.9 Long Blades
 - Level 1.5 Armour
 - Level 1.5 Dodging


You had one spell level left.
You didn't know any spells.
Your spell library was empty.

Dungeon Overview and Level Annotations

Branches:
Dungeon (1/15)

Altars:


Innate Abilities, Weirdness & Mutations

You cannot wear boots.
Your serpentine skin is tough. (AC +0)
You have supernaturally acute eyesight. (SInv)
Armour fits poorly on your strangely shaped body.
Your system is resistant to poisons. (rPois)
You cover ground very slowly.
You have a slow metabolism.
You can spit poison.


Message History

You barely miss the hobgoblin. The hobgoblin hits you with a +0 club.
You hit the hobgoblin but do no damage. The goblin hits you.
The hobgoblin hits you with a +0 club.
You closely miss the hobgoblin. The goblin hits you.
* * * LOW HITPOINT WARNING * * *
The hobgoblin hits you but does no damage.
You hit the hobgoblin. The goblin closely misses you.
The hobgoblin hits you with a +0 club.
* * * LOW HITPOINT WARNING * * *
You hit the hobgoblin but do no damage. The goblin misses you.
You riposte.
You closely miss the goblin. The hobgoblin misses you.
You barely miss the hobgoblin. The goblin hits you.
* * * LOW HITPOINT WARNING * * *
The hobgoblin hits you with a +0 club.
* * * LOW HITPOINT WARNING * * *
A red film seems to cover your vision as you go berserk!
You feel yourself moving faster!
You feel mighty!
You are feeling hungry.
The goblin barely misses you. The hobgoblin hits you with a +0 club.
You die...

#############
......g@....#
.##...g...#.#
......$...#.#
##........#.##
#........#..######.#
..........+..........
##........##.########
#........##..# ##)##


You could see a hobgoblin and a goblin.

Vanquished Creatures
  A ball python (D:1)
  A giant cockroach (D:1)
  A goblin (D:1)
  2 hobgoblins (D:1)
  4 jackals (D:1)
  3 bats (D:1)
  2 frilled lizards (D:1)
  A kobold (D:1)
  A rat (D:1)
16 creatures vanquished.

Notes
Turn   | Place    | Note
-------+----------+-------------------------------------------
     0 | D:1      | theswoord the Naga Berserker began the quest for the Orb.
     0 | D:1      | Reached XP level 1. HP: 21/21 MP: 1/1
   112 | D:1      | Reached XP level 2. HP: 15/28 MP: 2/2
   672 | D:1      | Slain by a hobgoblin

Action                   || total
-------------------------++-------
Melee: Falchion          ||    56
Invok: Berserk           ||     2
 Abil: Spit Poison       ||     1
Armor: Animal skin       ||     6
Dodge: Dodged            ||    39
       Rpst.: Falchion   ||    12

Levels and vault maps discovered:
D:1:      nicolae_arrival_memento_mori, layout_basic
